Map: Ulzaan

Players

Throwfordays - Winner!

  • Race: Protoss Protoss
  • League: Silver
  • Spawn Location: 3:00

Faust - Winner!

  • Race: Zerg Zerg
  • League: Diamond
  • Spawn Location: 1:00

GotGame

  • Race: Zerg Zerg
  • Spawn Location: 9:00

Phantom

  • Race: Protoss Protoss
  • Spawn Location: 11:00

VOD

Have the link to the VOD?

Description

Time

  • Played on: March 11, 2019, 11:13 p.m.
  • Length: 20:22
Show
View Real Time Build Order
Export as new Build Order

Throwfordays Protoss - Winner!

Build Orders: Nexus First 

Get SALT Encoding   

  1  0:00  Probe  
  12  0:05  Probe  
  14  0:15  Probe  
  15  0:26  Pylon  
  15  0:48  Probe  
  16  0:57  Nexus  
  16  1:01  Probe  
  17  1:12  Gateway  
  17  1:16  Probe  
  18  1:24  Assimilator  
  18  1:39  Forge, Pylon  
  18  1:51  Probe  
  19  1:59  Cybernetics Core  
  19  2:03  Probe  
  19  2:06  Warp Gate  
  19  2:07  Gateway  
  20  2:10  Probe  
  21  2:18  Probe  
  22  2:28  Probe  
  23  2:40  Probe  
  23  2:41  Stalker  
  26  2:50  Assimilator  
  26  2:52  Probe  
  27  3:04  Probe  
  28  3:13  Nexus  
  28  3:16  Probe  
  29  3:29  Probe  
  30  3:38  Photon Cannon  
  30  3:41  Photon Cannon, Probe  
  31  3:51  Pylon  
  31  3:53  Probe  
  31  3:55  Pylon  
  32  3:56  Stalker  
  32  3:57  Pylon  
  32  4:02  Stalker  
  36  4:05  Probe  
  37  4:17  Probe  
  37  4:22  Stalker  
  40  4:29  Probe  
  40  4:30  Stalker  
  43  4:50  Probe  
  43  4:52  Probe  
  45  4:55  Assimilator  
  45  4:58  Assimilator  
  45  5:01  Photon Cannon  
  45  5:02  Probe  
  45  5:04  Photon Cannon, Probe  
  47  5:08  Photon Cannon  
  47  5:12  Photon Cannon x2  
  47  5:14  Photon Cannon, Probe  
  47  5:16  Probe  
  47  5:17  Probe  
  47  5:18  Photon Cannon  
  50  5:25  Probe  
  50  5:28  Probe  
  50  5:34  Probe  
  50  5:35  Probe  
  52  5:41  Probe  
  52  5:42  Probe  
  55  5:47  Probe  
  57  5:51  Probe  
  57  5:53  Probe  
  57  5:55  Pylon  
  59  5:58  Pylon  
  59  5:59  Probe  
  59  6:01  Pylon  
  59  6:03  Probe  
  61  6:04  Pylon  
  61  6:05  Probe  
  61  6:06  Photon Cannon  
  61  6:07  Pylon, Probe  
  63  6:14  Assimilator  
  63  6:15  Probe x2  
  63  6:18  Assimilator  
  64  6:21  Probe  
  66  6:26  Probe  
  66  6:30  Stargate  
  66  6:32  Protoss Ground Weapons Level 1  
  67  6:33  Probe  
  67  6:38  Probe  
  69  6:41  Robotics Facility  
  69  6:46  Protoss Air Weapons Level 1  
  69  6:51  Forge  
  69  6:55  Cybernetics Core  
  69  7:03  Sentry x2  
  73  7:20  Photon Cannon  
  73  7:26  Phoenix  
  73  7:29  Stalker  
  77  7:30  Stalker  
  78  7:51  Phoenix  
  72  8:29  Phoenix  
  72  8:31  Stalker x2  
  74  9:10  Stargate  
  74  9:11  Probe  
  74  9:12  Stargate  
  74  9:13  Pylon  
  74  9:14  Stargate  
  76  9:17  Pylon, Probe  
  76  9:23  Protoss Shields Level 1, Probe  
  77  9:29  Probe  
  78  9:35  Protoss Ground Armor Level 1, Probe  
  79  9:40  Protoss Air Armor Level 1  
  79  9:41  Probe  
  79  9:44  Fleet Beacon  
  80  9:47  Robotics Bay  
  80  9:48  Probe  
  80  9:51  Twilight Council  
  81  9:53  Probe  
  82  10:00  Probe  
  82  10:05  Probe  
  84  10:16  Stalker  
  84  10:17  Stalker  
  88  10:35  Colossus  
  88  10:49  Protoss Air Weapons Level 2  
  94  11:14  Protoss Ground Weapons Level 2  
  94  11:18  Photon Cannon  
  94  11:22  Photon Cannon  
  94  11:25  Photon Cannon  
  94  11:29  Photon Cannon  
  94  11:39  Void Ray x2  
  102  11:40  Void Ray x2  
  110  11:48  Protoss Shields Level 2, Extended Thermal Lance  
  110  12:22  Void Ray x3  
  118  12:23  Void Ray  
  118  12:26  Protoss Air Armor Level 2  
  125  13:28  Pylon  
  125  13:35  Void Ray x2  
  125  13:36  Void Ray x2  
  141  13:48  Protoss Air Weapons Level 3  
  141  13:52  Nexus  
  141  13:54  Assimilator  
  141  13:58  Assimilator  
  141  14:02  Pylon  
  141  14:05  Photon Cannon  
  141  14:08  Photon Cannon  
  141  14:09  Stalker  
  143  14:10  Stalker  
  145  14:18  Void Ray  
  145  14:19  Void Ray x2  
  157  14:25  Pylon  
  157  14:26  Pylon  
  157  14:29  Pylon, Protoss Shields Level 3  
  157  14:31  Pylon  
  157  14:33  Pylon  
  157  14:43  Void Ray  
  161  15:01  Void Ray  
  161  15:02  Void Ray x2  
  173  15:17  Protoss Ground Weapons Level 3  
  173  15:26  Void Ray  
  177  15:37  Protoss Air Armor Level 3  
  177  15:39  Probe  
  177  15:47  Probe x2  
  180  15:57  Probe  
  180  15:59  Probe  
  182  16:05  Nexus  
  182  16:08  Void Ray x3  
  182  16:09  Void Ray  
  198  16:11  Probe  
  199  16:23  Probe  
  166  17:43  Protoss Ground Armor Level 2  
  152  17:58  Void Ray x2  
  152  17:59  Void Ray x2  
  156  18:15  Probe  
  157  18:27  Probe  
  158  18:39  Probe  
  159  18:41  Void Ray x3  
  159  18:42  Void Ray  
  167  18:51  Probe  
  168  19:03  Probe  
  151  19:39  Stalker x2  
Show
View Real Time Build Order
Export as new Build Order

Faust Zerg - Winner!

Build Orders: Hatch First 

Get SALT Encoding   

  12  0:00  Drone  
  13  0:08  Drone  
  14  0:17  Extractor  
  14  0:18  Drone  
  15  0:23  Overlord  
  15  0:42  Drone  
  16  0:43  Drone  
  17  0:54  Hatchery  
  16  0:57  Drone  
  16  1:02  Extractor  
  17  1:04  Drone  
  17  1:19  Spawning Pool  
  17  1:20  Drone  
  17  1:24  Drone  
  18  1:41  Drone  
  18  1:42  Overlord  
  19  2:02  Drone x2  
  19  2:06  Metabolic Boost  
  19  2:08  Queen  
  21  2:11  Queen  
  25  2:20  Drone x2  
  25  2:22  Drone  
  28  2:33  Zergling x2  
  28  2:34  Zergling x4  
  31  2:40  Baneling Nest  
  31  2:43  Drone  
  31  2:46  Overlord  
  31  3:07  Spore Crawler  
  31  3:11  Drone x2  
  31  3:12  Drone x3  
  35  3:15  Spore Crawler  
  34  3:34  Drone x4  
  36  3:37  Lair, Drone x2  
  40  3:43  Extractor  
  40  3:44  Drone x3  
  41  3:48  Zergling x2  
  41  3:57  Drone  
  41  4:00  Drone  
  43  4:09  Zergling x2, Overlord x2  
  43  4:22  Zergling x2  
  44  4:34  Zergling x2  
  44  4:35  Zergling x10  
  50  4:41  Zergling x6  
  53  4:48  Drone  
  53  4:50  Hydralisk Den  
  53  5:01  Overlord x2  
  53  5:05  Extractor x2  
  53  5:06  Drone x3  
  53  5:07  Drone  
  55  5:14  Hatchery  
  49  5:28  Hydralisk x4  
  46  5:29  Hydralisk x3  
  46  5:35  Drone x2  
  61  5:36  Drone  
  61  5:42  Muscular Augments  
  62  5:47  Evolution Chamber  
  62  5:48  Evolution Chamber  
  62  5:49  Drone x2  
  63  5:57  Drone  
  63  6:06  Infestation Pit  
  63  6:10  Drone  
  63  6:12  Drone x2  
  63  6:13  Drone x2  
  63  6:15  Zerg Missile Weapons Level 1  
  63  6:16  Zerg Ground Armor Level 1, Drone  
  63  6:17  Drone x2  
  70  6:21  Extractor x2  
  68  6:28  Queen  
  70  6:34  Drone  
  70  6:35  Drone x7  
  78  6:41  Drone  
  78  6:43  Spore Crawler, Drone  
  78  6:44  Spore Crawler  
  78  6:47  Hive  
  78  6:52  Drone  
  78  6:53  Drone x2, Grooved Spines  
  79  7:06  Zergling x2  
  79  7:07  Zergling x14  
  77  7:10  Hydralisk  
  77  7:23  Spore Crawler x2, Drone x2  
  77  7:30  Hydralisk x2  
  81  7:38  Hydralisk x2  
  81  7:42  Overlord x3  
  81  7:43  Hydralisk x2  
  81  7:51  Queen  
  79  8:00  Hydralisk x3  
  79  8:01  Hydralisk x4  
  69  8:34  Drone x7  
  69  8:35  Drone x5  
  68  8:43  Drone x3  
  69  8:49  Spore Crawler  
  69  8:50  Spore Crawler  
  69  8:52  Drone  
  69  8:53  Drone  
  66  9:02  Drone  
  66  9:09  Drone x2  
  68  9:18  Drone x2  
  68  9:19  Drone x2  
  72  9:27  Zerg Missile Weapons Level 2  
  46  9:53  Zergling x2  
  46  9:54  Zergling x18  
  46  9:56  Drone  
  46  9:57  Queen  
  51  10:05  Drone  
  51  10:06  Drone  
  51  10:07  Queen  
  53  10:10  Queen  
  57  10:19  Baneling x4  
  57  10:20  Baneling  
  57  10:23  Drone  
  57  10:28  Drone x3  
  61  10:30  Drone x3  
  64  10:35  Spore Crawler  
  49  11:05  Drone x3  
  49  11:06  Drone x4  
  50  11:18  Hydralisk x3  
  50  11:19  Hydralisk x6  
  67  11:31  Queen  
  67  11:32  Drone x3  
  71  11:44  Hydralisk x2  
  71  11:45  Hydralisk x2  
  79  11:48  Nydus Network  
  78  11:58  Zerg Missile Weapons Level 3  
  78  12:02  Adrenal Glands  
  78  12:04  Drone  
  78  12:05  Drone x2  
  78  12:06  Drone  
  82  12:24  Zergling x2  
  82  12:25  Zergling x8  
  82  12:29  Nydus Canal, Hatchery  
  86  12:42  Nydus Canal  
  86  12:45  Zergling x12  
  86  12:46  Zergling x2, Baneling x2  
  86  12:48  Zergling x6  
  96  12:52  Drone  
  96  12:54  Overlord x2  
  96  12:56  Extractor  
  65  13:27  Drone x3  
  67  13:34  Spire  
  67  13:36  Zerg Melee Weapons Level 1  
  67  13:39  Drone  
  67  13:40  Drone x12  
  79  13:43  Overlord x2  
  73  14:17  Hydralisk x3  
  73  14:18  Hydralisk x7  
  73  14:22  Baneling x6  
  73  14:23  Baneling x5  
  93  14:30  Hydralisk x5  
  93  14:31  Hydralisk  
  103  14:34  Zerg Ground Armor Level 2  
  105  14:40  Spine Crawler  
  105  14:41  Queen  
  106  14:53  Corruptor x3  
  112  15:00  Hatchery  
  110  15:22  Zergling x10  
  110  15:23  Zergling x20  
  125  15:36  Corruptor  
  125  15:38  Overlord x2  
  125  15:39  Overlord x3  
  127  15:49  Baneling x3  
  127  15:50  Baneling x6  
  127  15:51  Baneling x3  
  127  15:52  Centrifical Hooks  
  127  15:57  Corruptor, Zerg Flyer Weapons Level 1  
  127  15:58  Corruptor x5  
  139  16:17  Nydus Canal  
  139  16:25  Corruptor x2  
  111  17:20  Corruptor  
  111  17:21  Corruptor x4  
  121  17:28  Nydus Canal  
  121  17:29  Hydralisk  
  123  17:37  Extractor, Drone x3  
  123  17:38  Extractor, Drone x3  
  127  17:54  Hydralisk  
  127  17:55  Hydralisk x4  
  116  18:52  Zergling x6  
  116  18:53  Zergling x56  
  147  18:59  Ultralisk Cavern  
  113  19:58  Zergling x10  
  113  19:59  Zergling x20  
  124  20:08  Extractor, Drone x3  
  124  20:10  Extractor  
Show
View Real Time Build Order
Export as new Build Order

GotGame Zerg 

Build Orders: 3 Hatch before Pool, Brood Lord Corruptor 

Get SALT Encoding   

  12  0:11  Drone x2  
  14  0:26  Overlord  
  14  0:31  Extractor, Drone  
  14  0:33  Extractor, Drone  
  16  0:44  Drone  
  17  1:02  Drone  
  18  1:06  Hatchery  
  17  1:24  Drone  
  18  1:28  Drone  
  18  1:31  Hatchery  
  18  1:41  Spawning Pool  
  17  2:12  Drone  
  17  2:13  Drone x2  
  20  2:17  Extractor  
  20  2:18  Extractor  
  20  2:20  Drone  
  19  2:23  Drone  
  19  2:29  Queen  
  20  2:32  Overlord  
  22  2:37  Drone  
  23  2:44  Spore Crawler  
  23  2:45  Drone x3  
  23  2:48  Queen  
  27  3:04  Drone  
  27  3:05  Drone x3  
  31  3:12  Lair  
  31  3:21  Drone x2  
  31  3:22  Drone  
  34  3:30  Spore Crawler  
  34  3:32  Spore Crawler  
  32  3:34  Queen  
  34  3:51  Drone  
  34  3:52  Drone x2  
  37  4:06  Spine Crawler  
  36  4:21  Spire  
  37  4:24  Drone x3  
  37  4:25  Drone x4  
  37  4:27  Extractor  
  37  4:30  Drone, Overlord x2  
  37  4:31  Extractor  
  41  4:38  Extractor  
  40  4:43  Drone  
  40  4:44  Drone  
  42  4:55  Drone x3  
  42  4:56  Overlord  
  42  4:59  Overlord  
  45  5:00  Overlord  
  45  5:05  Drone x2  
  47  5:12  Pneumatized Carapace  
  47  5:18  Extractor  
  46  5:34  Mutalisk  
  46  5:35  Mutalisk x6  
  60  5:46  Drone x7  
  67  5:56  Zerg Flyer Weapons Level 1  
  67  6:05  Mutalisk x3  
  73  6:30  Mutalisk x4  
  81  6:38  Overlord x3  
  81  6:45  Overlord  
  81  6:52  Overlord  
  81  6:53  Overlord  
  81  6:56  Metabolic Boost  
  81  7:06  Mutalisk x4  
  82  8:12  Zergling x2  
  82  8:13  Zergling x14  
  69  8:56  Evolution Chamber  
  69  8:58  Evolution Chamber  
  69  8:59  Infestation Pit  
  66  9:25  Zergling x6  
  66  9:26  Zergling x14  
  66  9:27  Zergling x2  
  60  10:19  Spore Crawler  
  60  10:20  Spore Crawler  
  58  10:24  Spore Crawler  
  57  10:29  Hydralisk Den  
  57  10:30  Zerg Ground Armor Level 1  
  57  10:32  Zerg Missile Weapons Level 1  
  57  10:34  Hive  
  56  11:01  Hatchery  
  55  11:09  Overlord x3  
  55  11:15  Grooved Spines  
  55  11:24  Spire  
  54  11:31  Hatchery  
  53  11:44  Hydralisk x4  
  53  11:45  Hydralisk x3  
  67  11:54  Evolution Chamber  
  66  11:58  Greater Spire  
  66  11:59  Corruptor x4  
  66  12:00  Corruptor x2  
  78  12:16  Overlord  
  78  12:17  Overlord x3  
  78  12:19  Drone  
  79  12:26  Muscular Augments  
  69  13:12  Hydralisk x3  
  63  13:13  Zergling x2  
  63  13:14  Zergling x16  
  63  13:15  Zergling x10, Swarm Host  
  86  13:25  Corruptor  
  86  13:26  Corruptor  
  90  13:36  Drone x3  
  90  13:38  Drone x2  
  95  13:57  Brood Lord  
  95  13:58  Brood Lord x5  
  107  14:16  Corruptor x4  
  115  14:17  Hatchery  
  114  14:30  Zerg Flyer Weapons Level 2  
  114  14:40  Drone x3  
  117  14:46  Spine Crawler  
  114  15:24  Corruptor x4  
  122  15:34  Spine Crawler  
  121  15:36  Spine Crawler  
  120  16:09  Hatchery  
  95  17:37  Spore Crawler  
  95  17:38  Spore Crawler  
  95  17:40  Spore Crawler  
  95  17:41  Spore Crawler  
  95  17:43  Spore Crawler  
  83  17:47  Spore Crawler  
  75  18:04  Zerg Missile Weapons Level 2  
  72  18:06  Hydralisk x7  
  72  18:07  Hydralisk x5  
  96  18:25  Drone x3  
  98  19:08  Spore Crawler  
  98  19:09  Spore Crawler  
  85  19:28  Hydralisk x3  
Show
View Real Time Build Order
Export as new Build Order

Phantom Protoss 

Build Orders: Mass Adepts 

Get SALT Encoding   

  12  0:10  Probe  
  13  0:22  Probe  
  14  0:34  Probe  
  14  0:35  Pylon  
  15  0:56  Probe  
  16  1:08  Probe  
  16  1:10  Gateway  
  17  1:12  Gateway  
  17  1:13  Pylon  
  17  1:20  Assimilator, Probe  
  18  1:32  Probe  
  19  1:44  Probe  
  20  1:56  Probe  
  20  1:58  Cybernetics Core  
  21  2:09  Probe  
  21  2:13  Assimilator  
  22  2:21  Probe  
  22  2:22  Gateway  
  23  2:25  Pylon  
  23  2:30  Adept  
  23  2:32  Adept  
  23  2:33  Probe  
  24  2:42  Warp Gate  
  28  2:56  Gateway  
  28  3:00  Adept  
  30  3:06  Adept  
  30  3:10  Adept  
  33  3:15  Pylon  
  33  3:33  Pylon, Adept  
  35  3:52  Adept  
  35  3:53  Adept  
  35  3:54  Adept  
  39  4:38  Adept x3  
  39  4:39  Adept  
  39  5:01  Twilight Council  
  39  5:02  Gateway  
  39  5:04  Gateway  
  39  5:21  Nexus  
  39  5:23  Pylon  
  37  5:30  Adept x2  
  37  5:31  Adept, Resonating Glaives  
  43  5:49  Forge  
  43  5:58  Stalker  
  45  6:18  Stalker x2  
  49  6:24  Probe  
  50  6:35  Probe  
  50  6:38  Probe  
  51  6:43  Probe  
  51  6:46  Probe  
  52  6:51  Probe  
  54  6:55  Probe  
  54  6:59  Adept x2  
  58  7:02  Probe  
  43  8:36  Probe x2  
  45  8:44  Pylon  
  45  8:46  Pylon  
  45  8:48  Probe x2  
  37  9:00  Nexus, Probe x2  
  37  9:07  Assimilator  
  37  9:12  Probe  
  37  9:13  Assimilator  
  37  9:16  Photon Cannon  
  38  9:19  Photon Cannon  
  38  9:20  Shield Battery, Adept x3  
  38  9:21  Pylon, Adept  
  38  9:24  Adept x2  
  47  9:49  Adept x5  
  55  9:52  Adept  
  55  10:07  Protoss Ground Weapons Level 1  
  55  10:08  Gateway  
  55  10:09  Charge  
  55  10:10  Gateway  
  55  10:11  Gateway  
  55  10:13  Gateway  
  55  10:18  Templar Archives  
  55  10:34  Pylon  
  55  10:36  Pylon  
  35  11:36  Nexus  
  35  11:39  Pylon  
  35  11:42  Pylon  
  35  11:45  Pylon  
  35  11:47  Protoss Ground Armor Level 1  
  35  11:49  Psionic Storm  
  35  11:52  High Templar x2  
  35  11:53  High Templar x5  
  35  11:54  High Templar x2  
  51  11:57  Zealot  
  51  11:59  Nexus  
  55  12:17  Forge  
  55  12:25  Photon Cannon  
  55  12:26  Photon Cannon  
  55  12:28  Photon Cannon  
  55  12:29  Photon Cannon  
  55  12:42  Pylon  
  55  12:56  Zealot x2  
  55  12:57  Zealot x6  
  55  12:58  Zealot x2  
  73  13:00  Protoss Ground Weapons Level 2  
  59  13:26  Zealot x4  
  67  13:27  Zealot x3  
  67  13:28  High Templar  
  75  13:49  Probe x3  
  78  14:01  Probe x2  
  80  14:09  Probe  
  79  14:11  Protoss Ground Armor Level 2  
  79  14:21  Probe  
  80  14:26  Pylon  
  80  14:29  Pylon  
  80  14:30  Pylon  
  80  14:33  Probe  
  80  14:34  Probe x3  
  84  14:45  Probe  
  84  14:46  Probe x3  
  84  14:49  High Templar x2  
  84  14:50  High Templar x3  
  84  14:51  High Templar  
  100  14:57  Probe  
  100  14:58  Probe  
  102  15:10  Probe  
  102  15:48  Nexus  
  102  15:49  Pylon  
  102  15:51  Pylon  
  102  15:54  Stalker  
  102  15:55  Pylon, Stalker x3  
  102  15:56  Stalker x4  
  118  16:03  Photon Cannon  
  118  16:11  Shield Battery  
  118  16:18  Photon Cannon  
  118  16:22  Zealot  
  118  16:24  Photon Cannon  
  91  17:23  Stalker x2  
  91  17:24  Stalker x4  
  91  17:25  Stalker x4  
  111  17:39  Probe x2  
  112  17:45  Assimilator  
  111  17:51  Probe x2  
  113  18:03  Probe  
  98  18:12  Zealot x4  
  98  18:13  Zealot x3  
  43  19:43  Zealot x2  
  43  19:44  Zealot x2  
  48  20:14  Nexus  
Tags
 
Add a new tag
Caveats
  • Supply blocks, unpowered buildings, or Contaminate may cause inaccurate times.
  • Supply counts are checked every 10 seconds.